AoeStats
← VIT Liereyy

Arabian Desert

508871984Analyzed
1v1 RM · 8d ago on Sep 24, 2026· 32m 1s· 2 players
Game mode
Random Map
Map size
Tiny (2 player)
Population
200
Speed
Normal
Resources
Standard
Victory
Conquest
Starting age
Dark Age
Ending age
Imperial Age
RankedLock teamsTeams togetherTeam positionsShared explorationLock speedFull tech treeHidden civsTurbo modeCheats
Victory
Defeat
🇷🇴 Armenians · Romania
2777
+22
🇦🇹 Burmese · Austria
2912
-22
TAG_Mihai06
6:34 Loom
8:44 Feudal Age
9:56 Stone Mining
9:53 Double-Bit Axe
11:04 Horse Collar
13:34 Man-at-Arms
14:14 Town Watch
15:04 Long Swordsman
15:57 Fletching
17:06 Scale Mail Armor
23:07 Castle Age
21:50 Scale Barding Armor
23:13 Bloodlines
23:59 Bow Saw
23:20 Light Cavalry
25:19 Wheelbarrow
25:25 Husbandry
26:37 Sanctity
29:28 Forging
29:22 Devotion
32:24 Bodkin Arrow
VIT Liereyy
5:59 Loom
8:24 Feudal Age
7:11 Loom
9:59 Horse Collar
12:28 Fletching
20:33 Castle Age
20:38 Scale Barding Armor
21:09 Bodkin Arrow
23:17 Wheelbarrow
22:55 Husbandry
24:36 Town Watch
24:57 Gold Mining
26:19 Forging
26:28 Devotion
28:13 Bloodlines
30:07 Sanctity
Connection lost

Rejoining the realm…

Still unreachable

The connection could not be restored.

Session expired

The server has moved on; the page needs a fresh start.